 Dungeon Crawl Stone Soup version 0.25.1-2-g60ff931df9 (webtiles) character file.

Game seed: 17812846324862004195

51 DogServant the Slasher (level 3, 2/27 HPs)
             Began as a Merfolk Gladiator on Nov 8, 2020.
             Quit the game on level 2 of the Dungeon.
             The game lasted 00:01:37 (1347 turns).

DogServant the Slasher (Merfolk Gladiator)          Turns: 1347, Time: 00:01:38

Health: 2/27       AC:  8    Str: 15    XL:     3   Next: 81%
Magic:  3/3        EV: 13    Int:  7    God:
Gold:   91         SH:  0    Dex: 15    Spells: 2/2 levels left

rFire    x . .     SeeInvis .   a - +0 long sword
rCold    + . .     Gourm    .   (no shield)
rNeg     + . .     Faith    .   l - +2 ring mail {rN+}
rPois    .         Spirit   .   c - +0 helmet
rElec    .         Reflect  .   (no cloak)
rCorr    .         Harm     .   (no gloves)
MR       .....                  (no boots)
Stlth    +.........             (no amulet)
HPRegen  0.09/turn              j - ring of ice
MPRegen  0.08/turn              (no ring)

@: lethally poisoned (2 -> -1)
A: change form in water, swift swim, stealthy swim
a: no special abilities


You were on level 2 of the Dungeon.
You were hungry.

You visited 1 branch of the dungeon, and saw 2 of its levels.

You collected 91 gold pieces.

Inventory:

Hand Weapons
 a - a +0 long sword (weapon)
Missiles
 d - 3 throwing nets (quivered)
 g - 11 poisoned darts
Armour
 b - a +0 leather armour
 c - a +0 helmet (worn)
 l - a +2 ring mail of positive energy (worn)
Jewellery
 j - a ring of ice (left hand)
Scrolls
 e - 2 scrolls of teleportation {unknown}
 h - a scroll of immolation {unknown}
 k - a scroll of amnesia {unknown}
 n - 4 scrolls of identify {unknown}
 o - a scroll of fog {unknown}
 q - a scroll of enchant armour {unknown}
Potions
 i - a potion of invisibility {unknown}
 m - 4 potions of curing {unknown}
 r - a potion of might {unknown}
Comestibles
 f - 4 rations
 p - a chunk of flesh


   Skills:
 - Level 2.2 Fighting
 + Level 4.6 Long Blades
 - Level 2.4 Throwing
 - Level 4.3 Dodging


You had 2 spell levels left.
You didn't know any spells.
Your spell library was empty.

Dungeon Overview and Level Annotations

Branches:
Dungeon (2/15)

Altars:


Message History

The adder closely misses you.
You riposte.
You miss the adder.
Some of the chunks of flesh in your inventory have rotted away.
You feel sick. The adder bites you.
You completely miss the adder. The adder bites you but does no damage.
You hit the adder.
The adder is lightly wounded.
You feel sick. The adder bites you. The adder closely misses you.
You closely miss the adder.
The adder is lightly wounded.
You are feeling hungry.
The gnoll hits you from afar with a cursed -1 spear.
The gnoll hits you from afar with a +0 spear.
* * * LOW HITPOINT WARNING * * *
The adder bites you.
* * * LOW HITPOINT WARNING * * *
The gnoll barely misses you.
Unknown command.
Unknown command.
Are you sure you want to abandon this character and quit the game? (Confirm with "yes".)

#.#.######.#..#..# ..
#.#........#..#..# .
#.########....#..# ..######
#### #..[........#.#... .
..... ..# #########...#.....
gg....######.# #...####..
..#..........###########...#
#..
..............g............#
#..
###...#####.gggS@..........#
#..
...†.........#############.#
#.. ###.#.....#..# #.# #..
#g#...#.#..# #.# #.#
#.#.....#.g# #.####.#
#g#...###..# #.#.....
#?#...# #.g# #.#.##.#
#g#...# #..# #.#.##.#
#.#...# #..# #.#.##.#


You could see 4 gnolls and an adder.

Vanquished Creatures
  An adder (D:2)
  An ooze (D:1)
  A worm (D:2)
  A dart slug (D:1)
  A leopard gecko (D:1)
  2 giant cockroaches
  6 goblins
  4 hobgoblins
  4 bats
  5 frilled lizards (D:1)
  2 kobolds (D:1)
  6 rats
34 creatures vanquished.

Notes
Turn   | Place    | Note
-------+----------+-------------------------------------------
     0 | D:1      | DogServant the Merfolk Gladiator began the quest for the
                  | Orb.
     0 | D:1      | Reached XP level 1. HP: 16/16 MP: 1/1
    25 | D:1      | Reached XP level 2. HP: 21/22 MP: 2/2
   685 | D:1      | Reached XP level 3. HP: 26/27 MP: 3/3
  1347 | D:2      | Quit the game

Illustrated notes

Levels and vault maps discovered:
D:1:      dpeg_arrival_fog, layout_loops_ring, minmay_lizard_king
D:2:      layout_basic, minitemple, chequers_ecumenical_altar_simple,
          first_ration

Skill      XL: |  1  2  3 |
---------------+----------+-----
Long Blades    | 4 |  4.6
Fighting       | |  2.2
Throwing       | |  2.4
Dodging        | |  4.3

Action                   || total
-------------------------++-------
Melee: Long sword        ||    79
 Stab: Sleeping          ||     1
  Eat: Chunk             ||     1
Armor: Leather armour    ||     2
       Ring mail         ||    21
Dodge: Dodged            ||    66
       Rpst.: Long sword ||    24
